 Dungeon Crawl Stone Soup version 0.17.0-17-ge4ba49f (webtiles) character file.

158 Avanven the Changer (level 5, 0/37 HPs)
             Began as a Merfolk Transmuter on Nov 11, 2015.
             Succumbed to a water moccasin's poison
             ... on level 3 of the Dungeon.
             The game lasted 00:10:45 (2642 turns).

Avanven the Changer (Merfolk Transmuter)            Turns: 2642, Time: 00:10:45

Health: 0/37       AC:  3    Str: 11    XL:     5   Next: 39%
Magic:  6/8        EV: 13    Int: 13    God:
Gold:   101        SH:  0    Dex: 14    Spells: 2 memorised, 4 levels left

rFire  + . .     SeeInvis .       - Unarmed
rCold  + . .     Clarity  .     b - +0 robe
rNeg   . . .     SustAt   .     (no shield)
rPois  +         Gourm    .     (no helmet)
rElec  +         Spirit   .     (no cloak)
rCorr  +         Warding  .     (no gloves)
rMut   .         Stasis   .     l - +0 pair of boots (curse)
MR     .....                    (no amulet)
Stlth  +.........               (no ring)
                                (no ring)

@: lethally poisoned (0 -> -9), resistant, flying, not resistant to hostile
enchantments, very unstealthy
A: change form in water, swift swim
a: no special abilities


You were on level 3 of the Dungeon.
You were not hungry.

You visited 1 branch of the dungeon, and saw 3 of its levels.

You collected 101 gold pieces.

Inventory:

Missiles
 a - 24 arrows
 j - 14 arrows of flame
Armour
 b - a +0 robe (worn)
 l - a cursed +0 pair of boots (worn)
 r - a +1 chain mail of cold resistance
 x - a +0 pair of gloves
Jewellery
 g - a cursed -5 ring of protection {unknown}
Scrolls
 h - a scroll of identify {unknown}
 k - a scroll of teleportation {unknown}
 p - 2 scrolls of blinking {unknown}
 w - a scroll of remove curse {unknown}
Potions
 o - a potion of curing {unknown}
 q - a potion of ambrosia {unknown}
 t - a potion of might {unknown}
 u - a potion of invisibility {unknown}
Books
 c - a book of Changes

   Spells                             Type                      Level
   a - Beastly Appendage              Transmutation                1
   b - Sticks to Snakes               Transmutation                2
   c - Spider Form                    Transmutation/Poison         3
   d - Ice Form                       Ice/Transmutation            4
   e - Blade Hands                    Transmutation                5
Comestibles
 d - 2 bread rations
 f - a meat ration
 i - 3 chunks of flesh (quivered)
 s - a slice of pizza
 v - a royal jelly


   Skills:
 - Level 1.1 Fighting
 - Level 2.6 Dodging
 + Level 5.0 Unarmed Combat
 - Level 2.0 Spellcasting
 + Level 5.5 Transmutations


You had 4 spell levels left.
You knew the following spells:

 Your Spells              Type           Power        Failure   Level  Hunger
a - Beastly Appendage     Trmt           ###...       2%          1    ##.....
b - Spider Form           Trmt/Pois      #.........   28%         3    ####...


Dungeon Overview and Level Annotations

Branches:
Dungeon (3/15)

Altars:
Ru
Vehumet


Message History

You feel sick.
* * * LOW HITPOINT WARNING * * *
You feel sick.
Drink which item? (? for menu, Esc to quit)
It was a potion of cancellation.
You feel magically purged.
* * * LOW HITPOINT WARNING * * *
You feel sick. The water moccasin barely misses you.
The water moccasin bites you!
* * * LOW HITPOINT WARNING * * *
Drink which item? (? for menu, Esc to quit)
It was a potion of resistance.
You feel protected.
* * * LOW HITPOINT WARNING * * *
You feel sick. The water moccasin bites you.
* * * LOW HITPOINT WARNING * * *
Drink which item? (? for menu, Esc to quit)
It was a potion of flight.
You feel very buoyant.
You fly up into the air.
You die...

#.......#
#.#.####'###
#...#...# #.#.#
#.# #...#...#
#.#.####.# . #.>.#
..#......#
###.#.#####..#####
.. ........#
.#####..# #..#
#@.# #S## #.# #.#
#.#### #....#
#.##.### #.....<#
#..#####


You could see a water moccasin.

Vanquished Creatures
  Ijyb (D:2)
  Terence (D:2)
  4 adders (D:2)
  2 worms
  2 giant geckos (D:1)
  2 ball pythons
  7 hobgoblins
  5 jackals
  5 kobolds
  2 quokkas
  8 bats
  5 giant cockroaches
  5 giant newts
  3 goblins
  7 rats
59 creatures vanquished.

Notes
Turn   | Place    | Note
--------------------------------------------------------------
     0 | D:1      | Avanven the Merfolk Transmuter began the quest for the Orb.
     0 | D:1      | Reached XP level 1. HP: 15/15 MP: 3/3
   210 | D:1      | Reached XP level 2. HP: 11/21 MP: 3/5
   675 | D:1      | Reached XP level 3. HP: 26/26 MP: 6/6
   738 | D:1      | Learned a level 3 spell: Spider Form
   904 | D:1      | Reached skill level 4 in Unarmed Combat
  1062 | D:2      | Noticed Terence
  1073 | D:2      | Killed Terence
  1155 | D:2      | Noticed Ijyb
  1168 | D:2      | Reached XP level 4. HP: 24/32 MP: 4/7
  1171 | D:2      | Killed Ijyb
  1376 | D:2      | Reached skill level 5 in Transmutations
  1548 | D:2      | Reached XP level 5. HP: 31/37 MP: 4/8
  2202 | D:2      | Found a sacrificial altar of Ru.
  2288 | D:2      | Found a radiant altar of Vehumet.
  2458 | D:3      | Reached skill level 5 in Unarmed Combat
  2626 | D:3      | Noticed a water moccasin
  2641 | D:3      | HP: 1/37 [water moccasin (1)]
  2642 | D:3      | Succumbed to a water moccasin's poison

Action                   |  1- 3 |  4- 6 || total
-------------------------+-------+-------++-------
Melee: Unarmed           |   100 |    60 ||   160
 Cast: Beastly Appendage |    15 |     9 ||    24
       Spider Form       |     3 |    12 ||    15
  Use: Potion            |       |     3 ||     3
 Stab: Sleeping          |     2 |     2 ||     4
       Distracted        |     1 |       ||     1
  Eat: Chunk             |     2 |     7 ||     9
